 Dungeon Crawl Stone Soup version 0.30-a0-54-g2e61a25929 (webtiles) character file.

Game seed: 11555304014308524761

14275 LnG the Cleaver (level 12, -2/105 HPs)
             Began as a Hill Orc Fighter on Sept 8, 2022.
             Was a Follower of Uskayaw.
             Slain by Maurice
             ... wielding a +0 great sword
              (12 damage)
             ... on level 8 of the Dungeon.
             The game lasted 00:30:01 (10568 turns).

LnG the Cleaver (Hill Orc Fighter)                 Turns: 10568, Time: 00:30:02

Health: -2/105     AC: 13    Str: 24    XL:     12   Next: 14%
Magic:  0/12       EV: 13    Int:  8    God:    Uskayaw [*.....]
Gold:   432        SH:  7    Dex: 10    Spells: 11/11 levels left

rFire   . . .      SeeInvis .    a - +0 war axe
rCold   . . .      Faith    .    c - +1 buckler
rNeg    . . .      Spirit   +    y - +2 steam dragon scales
rPois   +          Reflect  .    w - +2 helmet
rElec   .          Harm     .    (no cloak)
rCorr   .          Rampage  .    (no gloves)
Will    .....                    o - +0 pair of boots
Stlth   +++.......               f - amulet of guardian spirit
HPRegen 0.27/turn                q - ring of poison resistance
MPRegen 0.13/turn                (no ring)

@: about to teleport, spiked, studying Shields
A: no striking features
a: Renounce Religion, Stomp


You were on level 8 of the Dungeon.
You worshipped Uskayaw.
Uskayaw was noncommittal.
You visited 2 branches of the dungeon, and saw 9 of its levels.
You also visited: Bailey.

You collected 432 gold pieces.

Inventory:

Hand Weapons
 a - a +0 war axe (weapon)
Missiles
 r - 10 boomerangs (quivered)
Armour
 b - a +0 scale mail
 c - a +1 buckler (worn)
 o - a +0 pair of boots (worn)
 w - a +2 helmet (worn)
 y - +2 steam dragon scales (worn)
Jewellery
 f - an amulet of guardian spirit (around neck)
 q - a ring of poison resistance (left hand)
Wands
 d - a wand of polymorph (6)
 G - a wand of digging (6)
Scrolls
 h - 2 scrolls of torment
 k - 4 scrolls of noise
 p - a scroll of teleportation
 t - a scroll of blinking
 B - a scroll of amnesia
 D - a scroll of vulnerability {unknown}
 E - a scroll of fog {unknown}
 H - 2 scrolls of fear {unknown}
Potions
 e - a potion of resistance {unknown}
 g - a potion of haste {unknown}
 i - a potion of degeneration {unknown}
 j - 3 potions of attraction
 l - 3 potions of curing {unknown}
 m - 2 potions of flight
 s - a potion of brilliance {unknown}
 u - 2 potions of mutation {unknown}
 v - 3 potions of heal wounds
 x - 3 potions of berserk rage {unknown}
 z - 2 potions of lignification {unknown}
 A - a potion of magic {unknown}
 C - a potion of might
 F - a potion of invisibility {unknown}


   Skills:
 + Level 9.4 Fighting
 + Level 14.2 Axes
 + Level 3.6 Throwing
 + Level 7.5 Armour
 + Level 5.1 Dodging
 + Level 6.0 Stealth
 + Level 11.2 Shields


You had 11 spell levels left.
You didn't know any spells.
Your spell library contained the following spells:

 Spells                   Type           Power      Damage    Failure   Level
 Beastly Appendage        Tmut           0%         N/A       45%         1
 Sandblast                Erth           0%         2d4       45%         1
 Shock                    Conj/Air       0%         1d3       45%         1
 Passwall                 Tmut/Erth      0%         N/A       61%         2
 Wereblood                Tmut           0%         N/A       61%         2
 Call Canine Familiar     Summ           0%         N/A       83%         3
 Portal Projectile        Hex/Tloc       0%         N/A       83%         3
 Spider Form              Tmut/Pois      0%         N/A       83%         3
 Stone Arrow              Conj/Erth      0%         3d7       83%         3
 Swiftness                Air            0%         N/A       83%         3
 Airstrike                Air            0%         2d(0-16)  99%         4
 Leda's Liquefaction      Hex/Erth       0%         N/A       99%         4


Dungeon Overview and Level Annotations

Branches:
Dungeon (8/15)             Temple (1/1) D:4            Lair (0/5) D:8
 Bailey (visited)

Altars:
Cheibriados
Elyvilon
Gozag
Kikubaaqudgha
Makhleb
Nemelex Xobeh
Okawaru
Qazlal
Ru
Trog
Uskayaw
Vehumet
Wu Jian
Xom
Yredelemnul
Zin
The Shining One

Annotations:
D:8 Maurice


Message History

You slash the plant! The manticore barely misses you. The manticore misses you.
The manticore closely misses you.
Maurice zaps a wand.
The roots erupt in riotous growth!
The grasping roots grab you!
Maurice is unaffected.
The bush is unaffected.
The plant is unaffected.
The manticore is unaffected.
The grasping roots constrict you.
You hear a shout! x3
You barely miss the manticore.
The manticore is moderately wounded.
You closely miss Maurice. You hit the bush but do no damage. You hit the plant.
Maurice casts a spell.
Maurice blinks!
The grasping roots constrict you. You block the manticore's attack.
The manticore claws you but does no damage.
The manticore claws you.
You slash the manticore!
The manticore is heavily wounded.
You hit the bush but do no damage. You hit the plant. The manticore bites you!!
The manticore claws you but does no damage.
The manticore closely misses you. The grasping roots constrict you.
* * * LOW HITPOINT WARNING * * *
You completely miss the manticore.
The manticore is heavily wounded.
You slash the bush! You hit the plant.
A nearby plant withers and dies.
The water moccasin bites you.
* * * LOW HITPOINT WARNING * * *
As you read the scroll of teleportation, it crumbles to dust.
You feel strangely unstable. You block the manticore's attack.
The manticore claws you but does no damage.
The manticore closely misses you. The grasping roots constrict you.
* * * LOW HITPOINT WARNING * * *
The water moccasin bites you but does no damage.
The grasping roots release their grip on you.
The manticore attacks as you move away! You block the manticore's attack.
The manticore claws you.
* * * LOW HITPOINT WARNING * * *
The manticore claws you!
* * * LOW HITPOINT WARNING * * *
Maurice attacks as you move away! Maurice hits you with a +0 great sword!
You die...

oo.#
ool+......#............
.S.#......#......P..P.♣.
...#......#.♣...P.....P.
##+#......#...♣....P....
#.........♣P...♣..P..
#....................
#.......P....@HP.....
#.........♣.S@....♣
#...........P........
#....................
#>...$......P........
####+#...............
#.........P..P#.
#.....#..P....#
#.....#.......#
#.....#..#....#


You could see Maurice, a manticore and a water moccasin.

Vanquished Creatures
  Erica (D:8)
  An orc knight (Bailey)
  Maggie (D:6)
  A hornet (D:7)
  Prince Ribbit (D:7)
  Sigmund (D:4)
  A wyvern (D:8)
  A basilisk (D:8)
  A steam dragon (D:7)
  Menkaure (D:5)
  7 water moccasins
  3 ice beasts
  9 black bears
  11 orc warriors (Bailey)
  2 sky beasts (D:7)
  A centaur (D:4)
  An ogre (D:5)
  A phantom (D:6)
  2 necrophages
  Blork the orc (D:6)
  4 scorpions
  4 bullfrogs
  3 wights (D:8)
  A howler monkey (D:7)
  3 orc priests
  2 jellies
  8 hounds
  6 iguanas
  A gnoll bouda (D:7)
  3 orc wizards
  Robin (D:3)
  10 gnolls
  5 adders
  2 shadow imps (D:6)
  2 white imps
  An ufetubus (D:4)
  5 worms
  2 dart slugs
  29 orcs
  3 bats
  4 endoplasms
  A giant cockroach (D:1)
  28 goblins
  7 hobgoblins
  4 jackals (D:1)
  3 quokkas (D:5)
  3 ball pythons
  5 frilled lizards
  8 kobolds
  3 rats
209 creatures vanquished.

Vanquished Creatures (others)
  A white imp (D:7)
  A fungus (D:8)
  18 plants (D:8)
20 creatures vanquished.

Grand Total: 229 creatures vanquished

Notes
Turn   | Place    | Note
-------+----------+-------------------------------------------
     0 | D:1      | LnG the Hill Orc Fighter began the quest for the Orb.
     0 | D:1      | Reached XP level 1. HP: 19/19 MP: 1/1
     3 | D:1      | Noticed a dwarf
     3 | D:1      | Noticed a gargoyle
     5 | D:1      | Noticed a merfolk zombie
     6 | D:1      | Noticed a tengu
    12 | D:1      | Noticed a naga
    18 | D:1      | Noticed a tengu
    54 | D:1      | Found a faded altar of an unknown god.
    93 | D:1      | Reached XP level 2. HP: 20/27 MP: 2/2
   486 | D:1      | Reached skill level 3 in Axes
   840 | D:2      | Reached XP level 3. HP: 33/33 MP: 3/3
  1150 | D:2      | Reached skill level 4 in Axes
  1150 | D:2      | Reached XP level 4. HP: 40/40 MP: 4/4
  1937 | D:3      | Found an opulent altar of Gozag.
  2336 | D:3      | Noticed Robin
  2363 | D:3      | Killed Robin
  2364 | D:3      | Reached XP level 5. HP: 42/46 MP: 5/5
  2872 | D:3      | Reached skill level 1 in Dodging
  3416 | D:4      | Reached skill level 5 in Axes
  3416 | D:4      | Reached XP level 6. HP: 50/53 MP: 6/6
  3420 | D:4      | Found a staircase to the Ecumenical Temple.
  3439 | Temple   | Entered the Ecumenical Temple
  3481 | Temple   | Became a worshipper of Uskayaw the Reveller
  3589 | D:4      | Noticed Sigmund
  3595 | D:4      | Reached * piety under Uskayaw
  3596 | D:4      | Killed Sigmund
  3596 | D:4      | Reached ** piety under Uskayaw
  3597 | D:4      | Reached skill level 6 in Axes
  3602 | D:4      | Reached *** piety under Uskayaw
  3819 | D:4      | Reached XP level 7. HP: 50/60 MP: 7/7
  4084 | D:4      | Reached skill level 5 in Armour
  4299 | D:5      | Entered Level 5 of the Dungeon
  4564 | D:5      | Reached skill level 5 in Fighting
  4674 | D:5      | Reached skill level 1 in Stealth
  4736 | D:5      | Noticed Menkaure
  4748 | D:5      | Killed Menkaure
  4749 | D:5      | Reached skill level 7 in Axes
  4925 | D:5      | Found a shimmering altar of Xom.
  4930 | D:5      | Reached XP level 8. HP: 63/68 MP: 8/8
  4930 | D:5      | Reached **** piety under Uskayaw
  4937 | D:5      | Reached ***** piety under Uskayaw
  4940 | D:5      | Reached skill level 8 in Axes
  5563 | D:5      | Identified a scroll of acquirement
  5564 | D:5      | Acquired a manual of Shields
  5596 | D:5      | Reached skill level 9 in Axes
  5928 | D:5      | Reached XP level 9. HP: 75/75 MP: 9/9
  5928 | D:5      | Found an iron altar of Okawaru.
  6012 | D:5      | Reached skill level 5 in Shields
  6422 | D:6      | Reached skill level 10 in Axes
  6600 | D:6      | Reached skill level 1 in Throwing
  6825 | D:6      | Noticed Maggie
  6835 | D:6      | Killed Maggie
  6975 | D:6      | Noticed Blork the orc
  6981 | D:6      | Killed Blork the orc
  7267 | D:7      | Reached skill level 11 in Axes
  7467 | D:7      | Noticed a hornet
  7478 | D:7      | Killed a hornet
  7592 | D:7      | Reached XP level 10. HP: 83/86 MP: 10/10
  7625 | D:7      | Noticed Prince Ribbit
  7630 | D:7      | Killed Prince Ribbit
  7634 | D:7      | Reached skill level 12 in Axes
  8425 | D:8      | Noticed Erica
  8439 | D:8      | Killed Erica
  8509 | D:8      | Reached skill level 13 in Axes
  8528 | D:8      | Found a staircase to the Lair.
  8534 | D:8      | Noticed a manticore
  8949 | D:8      | Found a flagged portal.
  8957 | Bailey   | Entered a bailey
  9692 | Bailey   | Reached XP level 11. HP: 70/95 MP: 8/11
 10174 | Bailey   | Found a roughly hewn altar of Beogh.
 10174 | Bailey   | Noticed an orc knight
 10185 | Bailey   | Killed an orc knight
 10186 | Bailey   | Reached skill level 5 in Stealth
 10203 | Bailey   | Reached skill level 14 in Axes
 10203 | Bailey   | Reached skill level 5 in Dodging
 10203 | Bailey   | Reached XP level 12. HP: 42/105 MP: 7/12
 10557 | D:8      | Noticed Maurice
 10568 | D:8      | Slain by Maurice

Illustrated notes

Levels and vault maps discovered:
D:1:      shiori_arrival_whats_in_store_for_you, layout_basic,
          shapermc_ecumenical_altar_venn
D:2:      layout_basic
D:3:      layout_basic, pf_just_have_faith, serial_co_window_serial,
          co_window_paths_a, co_window_paths_a, co_window_paths_a,
          co_window_paths_a, co_window_paths_a, co_window_cross_1,
          co_window_corner_a, co_window_paths_b, co_window_corner_a,
          co_window_cross_2, co_window_paths_c, co_window_broadway_a,
          co_window_2corner, co_window_cross_2, co_window_corner_cb,
          chequers_serial_rivers_room_b, uniq_robin
D:4:      layout_loops_ring, minmay_temple_entry_stoned_glass,
          cheibrodos_sewer_entry_bend, uniq_sigmund
D:5:      minmay_razor_zed, layout_basic, kennysheep_okawaru_gauntlet,
          minmay_misc_feat_plants, minmay_ruined_shrine, uniq_menkaure
D:6:      layout_cave_pools, uniq_blork_the_orc, uniq_maggie
D:7:      layout_loops_ring, uniq_prince_ribbit1
D:8:      minmay_chambers_of_sevens, layout_gridville, tgw_sif,
          minmay_lair_entry_grove, enter_bailey_3, uniq_maurice, uniq_erica
Temple:   compressed_dpeg_triangle_lava_temple

Skill      XL: |  1  2  3  4  5  6  7  8  9 10 11 12 |
---------------+-------------------------------------+-----
Axes           | 3 4 5 6 7 9 11 13 14 | 14.2
Fighting       | 4 5 6 7 8 9 |  9.4
Armour         | 4 5 6 7 |  7.5
Dodging        | 1 2 3 4 5 |  5.1
Shields        | 4 6 8 11 | 11.2
Stealth        | 1 2 4 5 6 |  6.0
Throwing       | 1 2 3 |  3.6

Action                   |  1- 3 |  4- 6 |  7- 9 | 10-12 || total
-------------------------+-------+-------+-------+-------++-------
Melee: War axe           |    74 |   163 |   288 |   208 ||   733
Throw: Boomerang         |       |       |    14 |     5 ||    19
  Use: Potion            |       |     1 |       |     2 ||     3
       Scroll            |       |       |    14 |     5 ||    19
 Stab: Paralysed         |       |     1 |    10 |    24 ||    35
       Sleeping          |       |       |       |     3 ||     3
Armor: Scale mail        |    34 |    90 |   117 |       ||   241
       Steam dragon scal |       |       |    22 |   136 ||   158
Dodge: Dodged            |    52 |    79 |   140 |   131 ||   402
Block: Buckler           |    23 |    33 |    58 |    93 ||   207

Table legend: (Time is in decaauts)
 A = Elapsed time spent in this place.
 B = Non-inter-level travel time spent in this place.
 C = Inter-level travel time spent in this place.
 D = Time resting spent in this place.
 E = Time spent auto-exploring this place.
 F = Levels seen in this place.
 G = Mean time per level.
                   A        B        C        D        E       F      G
               +--------+--------+--------+--------+--------+-----+--------+
         Total |  10672 |  10022 |    650 |   2913 |   3613 |  10 | 1067.2 |
       Dungeon |   9061 |   8452 |    609 |   1821 |   3524 |   8 | 1132.6 |
        Temple |     80 |     39 |     41 |      0 |     33 |   1 |   80.0 |
        Bailey |   1530 |   1530 |      0 |   1092 |     56 |   1 | 1530.0 |
               +--------+--------+--------+--------+--------+-----+--------+

Top non-repeatable levels by time:
     D:5: 1937 daAuts
  Bailey: 1530 daAuts
     D:3: 1399 daAuts
     D:7: 1195 daAuts
     D:4: 1186 daAuts
     D:1: 1017 daAuts
     D:6: 982 daAuts
     D:2: 834 daAuts
     D:8: 508 daAuts
  Temple: 80 daAuts
